 Dungeon Crawl Stone Soup version 0.19.4-8-ga85b6b9 (webtiles) character file.

570132 emikaela the Acrobat (level 25, -4/134 (135) HPs)
             Began as a Spriggan Air Elementalist on Nov 19, 2016.
             Was an Initiate of Gozag.
             Slain by a death cob (18 damage)
             ... on level 5 of the Realm of Zot on Feb 11, 2017.
             The game lasted 10:27:02 (107209 turns).

emikaela the Acrobat (Spriggan Air Elementalist)  Turns: 107209, Time: 10:27:03

HP:   -4/134 (135)  AC: 11    Str:  6    XL:     25   Next: 61%
MP:   42/43         EV: 40    Int: 35    God:    Gozag
Gold: 7929          SH:  5    Dex: 22    Spells: 14 memorised, 6 levels left

rFire  + + .     SeeInvis +     b - +9 triple crossbow of Calamity {flame, rElec Int+4}
rCold  + . .     Gourm    .     W - +2 robe {rC+ rF+}
rNeg   . . .     Faith    .     (shield currently unavailable)
rPois  +         Spirit   .     R - +3 crown of Dyrovepreva {rElec Int+2 SInv}
rElec  +         Reflect  +     v - +2 cloak
rCorr  .         Harm     .     (gloves unavailable)
MR     ++++.                    (boots unavailable)
Stlth  ++++++++..               I - +5 amulet of reflection
                                V - ring of the Good {rPois Int+4}
                                B - ring "Jimigun" {Int+4 Slay+5}

@: slowed, deflect missiles, quick
A: unfitting armour, see invisible, fire resistance 1, herbivore 3, speed 3,
slow metabolism 2
a: Potion Petition, Call Merchant, Bribe Branch, Renounce Religion
}: 3/15 runes: decaying, abyssal, gossamer


You were on level 5 of the Realm of Zot.
You worshipped Gozag.
Gozag was greatly pleased with you.
You were full.

You visited 11 branches of the dungeon, and saw 52 of its levels.
You visited the Abyss 2 times.
You also visited: Bailey, Ice Cave and Wizlab.

You collected 29233 gold pieces.
You spent 9089 gold pieces at shops.
You paid 12215 gold pieces to Gozag.

Inventory:

Hand Weapons
 a - a +9 quick blade of electrocution
 b - the +9 triple crossbow of Calamity (weapon) {flame, rElec Int+4}
   (You found it on level 9 of the Dungeon)

   It causes projectiles fired from it to burn those they strike, causing extra
   injury to most foes and up to half again as much damage against particularly
   susceptible opponents.
   It affects your intelligence (+4).
   It insulates you from electricity.
Missiles
 f - 1446 bolts (quivered)
Armour
 r - a +1 cloak of invisibility
 v - a +2 cloak (worn)
 R - the +3 crown of Dyrovepreva (worn) {rElec Int+2 SInv}
   (You bought it in a shop on level 2 of the Orcish Mines)

   It affects your intelligence (+2).
   It insulates you from electricity.
   It lets you see invisible.
 W - a +2 robe of resistance (worn)
Rods
 p - a +2 rod of clouds (9/9)
   (You took it off a wight on level 3 of the Crypt)
Jewellery
 d - the ring of Catheamm {Ice +Fly rN++ Str-3}
   (You took it off a deep elf elementalist on level 3 of the Elven Halls)

   [ring of ice]

   It enhances your ice magic.
   It affects your strength (-3).
   It makes you vulnerable to fire.
   It protects you from cold.
   It greatly protects you from negative energy.
   It lets you fly.
 A - an uncursed ring of protection from fire
 B - the ring "Jimigun" (left hand) {Int+4 Slay+5}
   (You bought it in a shop on level 10 of the Dungeon)

   [ring of intelligence]

   It affects your intelligence (+4).
   It affects your accuracy and damage with ranged weapons and melee attacks
   (+5).
 I - a +5 amulet of reflection (around neck)
 V - the ring of the Good (right hand) {rPois Int+4}
   (You bought it in a shop on level 6 of the Lair of Beasts)

   [ring of poison resistance]

   It affects your intelligence (+4).
   It protects you from poison.
Wands
 t - a wand of acid (10/15)
 u - a wand of paralysis (14/24)
 y - a wand of lightning (8/15)
 E - a wand of teleportation (4/9)
 P - a wand of disintegration (15/24)
 Y - a wand of iceblast (12/15)
Scrolls
 e - a scroll of enchant weapon
 g - 6 scrolls of fear
 i - 12 scrolls of remove curse
 k - 15 scrolls of teleportation
 m - 10 scrolls of identify
 n - a scroll of vulnerability
 w - 5 scrolls of recharging
 x - 7 scrolls of fog
 Q - 5 scrolls of summoning
 T - 3 scrolls of silence
 U - 2 scrolls of blinking
 X - a scroll of amnesia
 Z - a scroll of holy word
Potions
 h - 16 potions of curing
 l - a potion of invisibility
 o - 12 potions of resistance
 s - 8 potions of brilliance
 z - 6 potions of cancellation
 C - 3 potions of cure mutation
 F - 4 potions of magic
 G - 3 potions of berserk rage
 H - 5 potions of haste
 M - 4 potions of might
 N - 11 potions of agility
 O - 2 potions of heal wounds
Miscellaneous
 j - 3 phantom mirrors
 D - a fan of gales
 J - 4 sacks of spiders
 K - 4 boxes of beasts
 L - a disc of storms
 S - a lamp of fire
Comestibles
 c - 6 bread rations


   Skills:
 + Level 14.6 Fighting
 - Level 8.0 Short Blades
 * Level 22.9 Crossbows
 - Level 10.2 Armour
 + Level 23.6 Dodging
 - Level 20.0 Stealth
 - Level 15.0 Spellcasting
 - Level 9.0 Conjurations
 - Level 6.0 Hexes
 - Level 9.0 Charms
 - Level 3.0 Summonings
 - Level 1.0 Necromancy
 - Level 3.0 Translocations
 - Level 1.0 Fire Magic
 - Level 10.0 Ice Magic
 - Level 11.0 Air Magic
 - Level 3.0 Poison Magic
 - Level 15.0 Evocations


You had 6 spell levels left.
You knew the following spells:

 Your Spells              Type           Power        Failure   Level  Hunger
a - Shock                 Conj/Air       ####         1%          1    None
c - Confuse               Hex            ######..     1%          3    None
e - Ozocubu's Armour      Chrm/Ice       #######.     1%          3    None
f - Conjure Flame         Conj/Fire      ######..     1%          3    None
g - Mephitic Cloud        Conj/Pois/Air  ######..     1%          3    None
h - Summon Butterflies    Summ           #####...     1%          1    None
i - Freezing Cloud        Conj/Ice/Air   #######...   4%          6    ##.....
l - Silence               Hex/Air        ######....   1%          5    None
m - Deflect Missiles      Chrm/Air       #######...   4%          6    ##.....
o - Ozocubu's Refrigerat  Ice            #######...   4%          6    ##.....
p - Portal Projectile     Tloc           #####.       1%          3    None
r - Regeneration          Chrm/Necr      ######....   1%          3    None
s - Airstrike             Air            #######...   1%          4    None
t - Apportation           Tloc           #####.....   1%          1    None


Dungeon Overview and Level Annotations

Branches:
Dungeon (15/15)            Temple (1/1) D:6            Lair (6/6) D:10
  Swamp (4/4) Lair:3       Spider (4/4) Lair:3        Slime (0/5) Lair:5
    Orc (2/2) D:11            Elf (3/3) Orc:2        Vaults (4/5) D:13
  Crypt (3/3) Vaults:3       Tomb (0/3) Crypt:3      Depths (5/5) D:15
    Zot (5/5) Depths:5

Altars:
Ashenzari
Cheibriados
Dithmenos
Elyvilon
Fedhas
Gozag
Hepliaklqana
Kikubaaqudgha
Makhleb
Nemelex Xobeh
Okawaru
Qazlal
Ru
Sif Muna
Trog
Uskayaw
Vehumet
Xom
Yredelemnul
Zin
The Shining One
Jiyva
Lugonu

Shops:
D:6 !   D:8 *(   D:9 %(   D:10 *(=!   D:15 ?   Orc:2 [(:   Lair:1 !}*
Lair:3 ?   Lair:6 =   Vaults:3 *   Vaults:4 =

Portals:
Hell: Depths:1 Depths:2 Depths:3 Depths:4 Depths:5
Abyss: Depths:1 Depths:2 Depths:3* Depths:4 Depths:5
Pandemonium: Depths:3
Ziggurat: Depths:2

Annotations:
D:3 emikaela's ghost, amateur FoNe
D:6 Haldmier's ghost, novice FoNe
Lair:2 Gastronok
Lair:3 exclusion: hydra
Swamp:1 exclusion: Roxanne, Roxanne
Elf:2 3 runed doors
Vaults:4 exclusion: obsidian statue, Boris
Depths:5 Sojobo
Zot:1 exclusion: orb of fire


Innate Abilities, Weirdness & Mutations

You are very small and have problems with some larger weapons.
You are too small for most types of armour.
You have supernaturally acute eyesight. (SInv)
You are a herbivore.
You cover ground extremely quickly.
You need consume almost no food.
Your flesh is heat resistant. (rF+)


Message History

The death cob misses you.
Okay, then.
Casting: Regeneration
Confirm with . or Enter, or press ? or * to list all spells.
Okay, then.
Casting: Regeneration
Confirm with . or Enter, or press ? or * to list all spells.
Your skin stops crawling.
The death cob hits you.
* * * LOW HITPOINT WARNING * * *
The death cob drains your vigour!
You feel as though you will be slow longer.
The death cob completely misses you. The death cob hits you!!
* * * LOW HITPOINT WARNING * * *
The death cob drains your vigour!
You feel as though you will be slow longer.
You hear a distant "Zot"!
The death cob hits you!!
You die...
Your body crumbles into a pile of gold.

#####...###8.....# ##...
#..##.#.#.##..[..###...#
##..#..#..#.###....##..##
#⌠..#.....###.#.....(..'.
#...#......#..###...##.##
#........#.#....#.%(.##.#
##....<.###...#####.(..##D
#.##)))##.b.###.p.##(...##
#..#....b@b##...[(.(....#.
#####...bbz#..§.)).####.#.
#.......bbb)p...#.........
################▓▓▓▓######
**,,,,,,,,,,,,,,** *,,,,,
**,,,,,,,,,,,,,,,,**
**,,,,
**,,,,,,,,,,,,,,,,,,**
*,,,,
*,,,,,,,,,,,,,,,,,,,,*
**,,,
*,,,,,,,,,,,,,,,,,,,,*
*,,,


You could see a Killer Klown and a death cob.

Vanquished Creatures
  An ancient lich (Zot:5)
  A juggernaut (Depths:5)
  Frederick (Depths:5)
  Xtahua (Vaults:4)
  Saint Roka (Depths:4)
  4 golden dragons
  2 bone dragons
  A hellephant (Depths:4)
  An electric golem (Zot:5)
  6 tentacled monstrosities
  A shard shrike skeleton (Crypt:2)
  3 Orb Guardians (Zot:5)
  7 liches
  2 titans (Depths:2)
  3 sphinxes
  3 tentacled starspawn
  2 ancient champions (Crypt:1)
  5 tengu reavers
  Kirke (D:12)
  2 death cobs
  The ghost of TheWoodenMan the Bludgeoner, an adept MiBe of Trog (Swamp:4)
  6 thorn hunters
  3 storm dragons
  3 draconian monks
  Donald (Vaults:3)
  2 shadow dragons
  4 revenants (Crypt:3)
  6 frost giants
  4 deep elf sorcerers (Elf:3)
  6 ghost moths
  3 draconian knights
  2 orc warlords
  Louise (Swamp:4)
  8 fire giants
  4 vault wardens
  2 draconian scorchers
  2 draconian zealots
  2 curse skulls
  A balrug (Depths:4)
  7 emperor scorpions
  A cacodemon (Depths:1)
  5 spriggan defenders
  8 ghouls
  3 draconian shifters
  A draconian annihilator (Depths:5)
  A reaper (Crypt:3)
  4 deep elf elementalists (Elf:3)
  6 ironheart preservers
  A draconian caller (Zot:2)
  A juggernaut skeleton (Depths:2)
  19 very ugly things
  4 entropy weavers
  Nessos (Lair:4)
  A starcursed mass (Abyss:3)
  3 deep elf demonologists
  4 green draconians
  3 black draconians (Zot:2)
  9 vampire knights
  A yellow draconian (Zot:5)
  14 stone giants
  A lorocyproca (Abyss:3)
  Azrael (D:12)
  5 deep elf annihilators (Elf:3)
  4 purple draconians
  5 mottled draconians
  5 red draconians
  2 white draconians
  20 dire elephants
  13 spark wasps
  9 ettins
  11 deep elf death magi
  8 eidola
  4 spectral quicksilver dragons
  5 deep elf high priests
  14 fire dragons
  Snorg (Lair:4)
  19 yaktaur captains
  Harold (Lair:3)
  15 jiangshi
  A quicksilver dragon zombie (Crypt:3)
  8 great orbs of eyes
  A spectral golden dragon (Crypt:3)
  22 hydras
  9 ogre magi
  A spectral shadow dragon (Crypt:3)
  Fannar (Lair:1)
  4 vault guards (D:13)
  11 rakshasas
  15 ice dragons
  An anaconda (shapeshifter) (Depths:1)
  5 death knights
  7 centaur warriors
  A catoblepas (Lair:4)
  2 spectral frost giants (Crypt:3)
  7 spriggan air magi
  A spectral fire giant (Crypt:3)
  8 deep troll earth magi
  A queen ant (Spider:2)
  4 alligators
  A death yak (D:10)
  7 deep troll shamans
  Urug (D:12)
  9 thrashing horrors
  5 tengu warriors
  7 spriggan berserkers
  14 vampire magi
  A hellephant zombie (Crypt:2)
  4 spectral storm dragons (Crypt:3)
  8 spriggans
  13 deep elf knights
  Nergalle (Lair:4)
  3 orc high priests (Orc:2)
  2 sun demons (Depths:4)
  6 wretched stars
  24 skeletal warriors
  4 soul eaters
  A spectral catoblepas (Crypt:3)
  3 iron trolls (Depths:1)
  A spectral anaconda (Crypt:3)
  A titan skeleton (Depths:3)
  2 death drakes
  5 spriggan druids
  2 spatial maelstroms
  A death drake (shapeshifter) (Abyss:3)
  A salamander mystic (Depths:2)
  5 shadow wraiths
  6 wizards
  15 large abominations
  10 swamp dragons
  4 unseen horrors
  4 glowing orange brains
  8 flayed ghosts
  18 deep trolls
  2 lindwurms (Lair:6)
  A sea snake (shapeshifter) (Depths:5)
  2 shadow demons
  A spectral iron dragon (Crypt:3)
  12 phantasmal warriors
  10 harpies
  A hill giant (shapeshifter) (Elf:3)
  13 deep elf archers
  7 ironbrand convokers
  4 shambling mangroves
  A deep troll (shapeshifter) (Depths:5)
  7 hill giants
  A spectral wolf spider (Crypt:3)
  8 necromancers
  13 orc knights
  A harpy (shapeshifter) (Vaults:4)
  A golden dragon skeleton (Depths:3)
  A spectral fire dragon (Crypt:3)
  A frost giant zombie (Crypt:1)
  30 wolf spiders
  A spectral alligator (Crypt:3)
  5 cyclopes
  A spectral ice dragon (Crypt:3)
  A wolf spider (shapeshifter) (Depths:2)
  17 orb spiders
  42 deep elf magi
  9 orc sorcerers
  51 ugly things
  A shadow dragon skeleton (Depths:2)
  3 salamanders (Depths:2)
  A moth of wrath (shapeshifter) (Elf:1)
  A worldbinder (Abyss:3)
  3 manticores
  2 frost giant skeletons
  14 black mambas
  11 moths of wrath
  An eye of devastation (shapeshifter) (Elf:3)
  15 elephants
  2 guardian serpents
  4 smoke demons
  A fire giant skeleton (Crypt:3)
  A hell hog skeleton (Crypt:2)
  2 apocalypse crabs
  9 torpor snails
  An ice statue (IceCv)
  8 vault sentinels
  3 orange demons
  3 gargoyles
  A water nymph (shapeshifter) (Depths:2)
  2 hellions
  2 black mambas (shapeshifter)
  5 spectral swamp worms (Depths:1)
  A storm dragon simulacrum (Crypt:2)
  5 rime drakes
  25 spiny frogs
  Psyche (D:9)
  2 rime drakes (shapeshifter)
  A spiny frog (shapeshifter) (Vaults:1)
  A kobold demonologist (Abyss:3)
  30 freezing wraiths
  2 centaur skeletons
  51 yaktaurs
  2 komodo dragons (shapeshifter)
  13 demonic crawlers
  4 tengu conjurers
  7 komodo dragons
  5 hellwings (Depths:2)
  An anaconda simulacrum (Crypt:3)
  A hydra zombie (Crypt:2)
  7 ancient zymes
  A redback zombie (Crypt:2)
  An efreet (Abyss:2)
  A queen bee (shapeshifter) (Vaults:3)
  A polar bear (Lair:3)
  A red devil (Depths:2)
  2 ice devils (Abyss:3)
  9 trolls
  39 jumping spiders
  7 wind drakes (Depths:4)
  10 tyrant leeches
  21 bog bodies
  A troll (shapeshifter) (Vaults:3)
  17 two-headed ogres
  20 hornets
  A harpy skeleton (Crypt:1)
  A wind drake (shapeshifter) (Depths:3)
  2 spectral swamp dragons (Crypt:3)
  63 slime creatures
  14 blink frogs
  A hippogriff (shapeshifter) (Depths:2)
  11 hippogriffs
  A snapping turtle (shapeshifter) (Depths:2)
  A hydra skeleton (Abyss:3)
  An ice dragon zombie (Crypt:1)
  8 raiju
  An ettin zombie (Depths:2)
  A spectral manticore (Crypt:3)
  A stone giant simulacrum (Crypt:3)
  14 flying skulls
  74 redbacks
  17 air elementals
  A spriggan (shapeshifter) (D:15)
  7 water elementals
  A fire dragon skeleton (Crypt:1)
  3 shadows
  10 wyverns
  An ettin skeleton (Crypt:3)
  8 fire elementals
  2 dire elephant simulacra (Crypt:2)
  8 wraiths
  An elf zombie (Depths:3)
  24 tarantellas
  5 basilisks
  4 hogs (D:12)
  5 fire bats
  2 hungry ghosts
  3 golden eyes (Abyss:4)
  2 neqoxecs (Abyss:3)
  21 vampire mosquitoes
  2 death yak simulacra (IceCv)
  2 emperor scorpion simulacra
  11 wargs
  42 yaks
  A faun zombie (Crypt:1)
  3 mottled dragons
  22 swamp worms
  10 spatial vortices (Abyss:3)
  23 soldier ants
  39 insubstantial wisps
  A deep troll zombie (Crypt:2)
  A hydra simulacrum (Crypt:2)
  6 hell hounds
  19 water moccasins
  A gelid demonspawn skeleton (Crypt:3)
  A spiny frog zombie (Crypt:3)
  7 porcupines
  An infernal demonspawn skeleton (Crypt:3)
  A sky beast (shapeshifter) (Vaults:4)
  16 swamp drakes
  An ice beast (shapeshifter) (Vaults:4)
  An ice dragon simulacrum (Crypt:3)
  5 phantoms
  A ghost crab zombie (Crypt:3)
  9 ice beasts
  49 orc warriors
  An alligator simulacrum (Crypt:3)
  4 sky beasts
  2 black bears
  A fire dragon simulacrum (Crypt:3)
  An elephant zombie (Crypt:2)
  2 eyes of draining
  An eye of draining (shapeshifter) (Vaults:4)
  6 necrophages
  4 wolves
  41 ogres
  A snapping turtle skeleton (Crypt:1)
  9 centaurs
  A swamp dragon skeleton (Crypt:1)
  12 small abominations
  13 crocodiles
  2 big kobolds
  8 gnoll sergeants (Bailey)
  21 bullfrogs
  2 earth elementals
  An elf skeleton (Crypt:1)
  7 scorpions
  A water moccasin skeleton (D:7)
  A polar bear zombie (Crypt:2)
  17 killer bees
  A troll zombie (Crypt:3)
  A raiju skeleton (Crypt:2)
  4 electric eels
  15 wights
  A vampire bat (Lair:5)
  3 howler monkeys (D:7)
  17 crimson imps
  6 jellies
  2 quasits
  5 centaur zombies
  An elf simulacrum (Crypt:3)
  5 draconian simulacra (IceCv)
  A demonspawn zombie (Crypt:3)
  6 gnoll shamans (Bailey)
  7 hounds
  28 orc priests
  A bullfrog skeleton (D:8)
  2 bullfrog zombies
  2 human skeletons
  3 human zombies (Crypt:3)
  40 orc wizards
  Ijyb (D:2)
  Natasha (thrice) (D:2)
  2 iguanas
  3 spriggan simulacra
  29 worker ants
  A polar bear simulacrum (IceCv)
  4 troll simulacra (IceCv)
  3 centaur simulacra
  A wolf simulacrum (IceCv)
  An ogre zombie (Crypt:3)
  A deep dwarf zombie (Crypt:1)
  A deep dwarf skeleton (Crypt:3)
  A hound zombie (D:7)
  A naga skeleton (Crypt:3)
  2 mummies
  A worker ant zombie (D:6)
  24 gnolls
  20 adders
  3 naga simulacra (IceCv)
  4 ogre simulacra (IceCv)
  4 shadow imps
  13 white imps
  An ufetubus (Abyss:3)
  7 oozes
  An adder skeleton (D:4)
  A worm (D:3)
  11 ball lightnings (Depths:4)
  2 dart slugs
  4 leopard geckos
  88 orcs
  A bat skeleton (Crypt:3)
  3 giant cockroaches
  6 goblins
  10 hobgoblins
  9 jackals
  4 quokkas
  12 bats
  5 frilled lizards
  A gnoll skeleton (Crypt:2)
  A goblin skeleton (Crypt:3)
  56 kobolds
  A leopard gecko skeleton (D:5)
  2 orc skeletons
  An orc zombie (Crypt:3)
  8 rats
  A fungus (Lair:3)
  A plant (Lair:6)
  3 starspawn tentacles
2554 creatures vanquished.

Vanquished Creatures (collateral kills)
  A tentacled monstrosity (Zot:3)
  A deep elf blademaster (Elf:3)
  Agnes (Elf:2)
  A storm dragon (Zot:3)
  2 deep elf sorcerers (Elf:3)
  A green draconian (Zot:3)
  2 dancing weapons
  2 deep elf knights
  2 deep elf archers (Elf:2)
  6 deep elf magi
  An orb spider (Spider:3)
  A wolf spider (Spider:1)
  2 jumping spiders
  A redback (Lair:6)
  2 soldier ants (Spider:2)
  2 sky beasts
  2 worker ants (Spider:2)
30 creatures vanquished.

Vanquished Creatures (others)
  2 deep elf sorcerers
  A draconian knight (Zot:5)
  A deep elf elementalist (Elf:3)
  An entropy weaver (Spider:1)
  A deep elf demonologist (Elf:3)
  2 deep elf annihilators
  A deep elf high priest (Elf:3)
  11 dancing weapons
  A hell knight (Elf:2)
  A deep elf knight (Elf:2)
  17 deep elf magi
  A moth of wrath (Zot:5)
  An orange demon (Elf:3)
  A wind drake (Depths:4)
  A redback (Spider:4)
  An air elemental (Depths:5)
  A hog (shapeshifter) (Elf:2)
  A soldier ant (Spider:2)
  3 ball lightnings (Depths:4)
  An orc (Orc:1)
  A briar patch (Swamp:4)
  93 fungi
  A lurking horror (Abyss:1)
  92 plants
  5 starspawn tentacles (Abyss:3)
242 creatures vanquished.

Grand Total: 2826 creatures vanquished

Notes
Turn   | Place    | Note
-------+----------+-------------------------------------------
     0 | D:1      | emikaela the Spriggan Air Elementalist began the quest for the Orb.
     0 | D:1      | Reached XP level 1. HP: 9/9 MP: 5/5
   191 | D:1      | Reached skill level 1 in Conjurations
   254 | D:1      | Reached XP level 2. HP: 13/13 MP: 2/7
   397 | D:1      | Learned a level 2 spell: Repel Missiles
  1131 | D:2      | Reached XP level 3. HP: 15/16 MP: 5/8
  1136 | D:2      | Learned a level 3 spell: Static Discharge
  1164 | D:2      | Noticed Natasha
  1179 | D:2      | Killed Natasha
  1179 | D:2      | Reached skill level 1 in Charms
  1550 | D:2      | Noticed Ijyb
  1564 | D:2      | Killed Ijyb
  1564 | D:2      | Reached XP level 4. HP: 2/21 MP: 0/10
  1901 | D:2      | Noticed Natasha
  1939 | D:2      | Killed Natasha
  2672 | D:3      | Reached XP level 5. HP: 4/25 MP: 1/11
  2696 | D:2      | Noticed Natasha
  2995 | D:2      | Killed Natasha
  3261 | D:3      | Noticed emikaela's ghost (amateur FoNe)
  3304 | D:3      | Reached skill level 1 in Fighting
  4258 | D:3      | Reached XP level 6. HP: 29/30 MP: 0/13
  4542 | D:3      | Reached skill level 4 in Dodging
  5031 | D:4      | Learned a level 2 spell: Call Imp
  5035 | D:4      | Learned a level 3 spell: Call Canine Familiar
  5219 | D:4      | Reached XP level 7. HP: 35/35 MP: 2/14
  5743 | D:4      | Reached skill level 5 in Dodging
  5813 | D:5      | Entered Level 5 of the Dungeon
  5816 | D:5      | Reached skill level 1 in Summonings
  6256 | D:5      | Reached skill level 6 in Dodging
  6467 | D:5      | Found a shimmering altar of Xom.
  6467 | D:5      | Found a burning altar of Makhleb.
  6474 | D:5      | Reached skill level 5 in Spellcasting
  6605 | D:5      | Reached XP level 8. HP: 40/40 MP: 8/16
  6859 | D:5      | Reached skill level 7 in Dodging
  7157 | D:6      | Noticed Haldmier's ghost (novice FoNe)
  7383 | D:6      | Learned a level 3 spell: Confuse
  7411 | D:6      | Found a staircase to the Ecumenical Temple.
  7424 | D:6      | Reached skill level 1 in Hexes
  7426 | Temple   | Entered the Ecumenical Temple
  7560 | Temple   | Became a worshipper of Gozag Ym Sagoz the Greedy
  7951 | D:6      | Reached skill level 8 in Dodging
  8079 | D:6      | Found Joecvif's Distillery.
  8308 | D:6      | Bought a potion of degeneration for 13 gold pieces
  8653 | D:7      | Reached XP level 9. HP: 24/45 MP: 12/18
  8988 | D:7      | Reached skill level 5 in Hexes
  9176 | D:7      | Noticed a hand axe
  9177 | D:7      | Noticed a dagger
  9177 | D:7      | Found a hide-covered altar of Uskayaw.
  9586 | D:7      | Reached skill level 9 in Dodging
  9598 | D:7      | Reached skill level 5 in Stealth
  9722 | D:7      | Found a shattered altar of Ashenzari.
  9724 | D:7      | Found a sacrificial altar of Ru.
  9818 | D:7      | Reached skill level 1 in Evocations
  9912 | D:8      | Found Virgh's General Store.
 10108 | D:8      | Found a glowing silver altar of Zin.
 10176 | D:8      | Reached skill level 10 in Dodging
 10269 | D:8      | Found Mupp's Antique Weapon Emporium.
 10318 | D:8      | Found a flagged portal.
 10328 | Bailey   | Entered a bailey
 11040 | Bailey   | Reached XP level 10. HP: 33/49 MP: 4/21
 11434 | Bailey   | Reached skill level 5 in Evocations
 12675 | D:9      | Found Veif's Food Boutique.
 12734 | D:9      | Noticed Psyche
 12771 | D:9      | Killed Psyche
 12834 | D:9      | Reached skill level 11 in Dodging
 13316 | D:9      | Found a stormy altar of Qazlal.
 13451 | D:9      | Bought a runed quick blade for 693 gold pieces
 13736 | D:9      | Reached skill level 1 in Short Blades
 13988 | D:9      | Noticed a deep elf mage
 14089 | D:10     | Entered Level 10 of the Dungeon
 14179 | D:10     | Found Plog's General Store.
 14187 | D:10     | Noticed a hill giant
 14206 | D:10     | Killed a hill giant
 14206 | D:10     | Reached skill level 5 in Fighting
 14206 | D:10     | Reached skill level 5 in Air Magic
 14272 | D:10     | Bought a potion of heal wounds for 65 gold pieces
 14389 | D:10     | Found a staircase to the Lair.
 14389 | D:10     | Noticed a death yak
 14419 | D:10     | Found Waeph's Antique Weapon Shoppe.
 14508 | D:10     | Reached skill level 10 in Stealth
 14798 | D:9      | Got a faintly glowing triple crossbow
 14799 | D:9      | Identified the +9 triple crossbow of Calamity {flame, rElec Int+4} (You found it on level 9 of the Dungeon)
 14855 | D:10     | Found Buiplum's Distillery.
 15218 | D:10     | Reached XP level 11. HP: 55/55 MP: 21/24
 15230 | D:10     | Reached skill level 5 in Short Blades
 15357 | D:10     | Noticed a hill giant
 15371 | D:10     | Killed a hill giant
 15379 | Lair:1   | Entered Level 1 of the Lair of Beasts
 16040 | Lair:1   | Reached skill level 1 in Crossbows
 16476 | Lair:2   | Noticed Fannar
 16483 | Lair:2   | Noticed Gastronok
 16499 | Lair:1   | Killed Fannar
 17092 | Lair:3   | Noticed an eight-headed hydra
 17206 | Lair:3   | Noticed an eight-headed hydra
 17226 | Lair:3   | Noticed Harold
 17291 | Lair:3   | Found a staircase to the Swamp.
 17330 | Lair:3   | Found a frozen archway.
 17442 | IceCv    | Entered an ice cave
 17858 | IceCv    | Reached XP level 12. HP: 60/60 MP: 25/25
 17952 | IceCv    | Reached skill level 5 in Crossbows
 18048 | IceCv    | Found an ancient bone altar of Kikubaaqudgha.
 18607 | IceCv    | Learned a level 3 spell: Ozocubu's Armour
 18885 | IceCv    | Got a fine robe
 18903 | IceCv    | Identified the cursed -5 robe of Misfortune {-Cast *Contam *Tele *Drain EV-5 Stlth-- *Curse} (You found it in an ice cave)
 19682 | Lair:3   | Found a hole to the Spider Nest.
 19812 | Lair:3   | Reached skill level 1 in Ice Magic
 20313 | Lair:3   | Noticed a five-headed hydra
 20320 | Lair:3   | Killed a five-headed hydra
 20333 | Lair:3   | Killed an eight-headed hydra
 20333 | Lair:3   | Reached skill level 12 in Dodging
 20375 | Lair:3   | Killed Harold
 20529 | Lair:3   | Learned a level 3 spell: Mephitic Cloud
 20537 | Lair:3   | Bought a scroll of enchant weapon for 112 gold pieces
 20537 | Lair:3   | Bought a scroll of identify for 30 gold pieces
 20539 | Lair:3   | Upgraded the game from 0.19.0-22-gd96e5fe to 0.19.0-24-gb05acd6
 20627 | Lair:4   | Noticed Nergalle
 20634 | Lair:4   | Killed Nergalle
 20703 | Lair:4   | Reached skill level 1 in Poison Magic
 20958 | Lair:4   | Noticed Snorg
 20971 | Lair:4   | Killed Snorg
 21129 | Lair:4   | Noticed Nessos
 21149 | Lair:4   | Killed Nessos
 21149 | Lair:4   | Reached XP level 13. HP: 66/66 MP: 22/26
 22350 | D:10     | Bought a potion of agility for 52 gold pieces
 22350 | D:10     | Bought a potion of agility for 52 gold pieces
 22350 | D:10     | Bought a potion of heal wounds for 65 gold pieces
 22350 | D:10     | Bought a potion of magic for 104 gold pieces
 22535 | Lair:3   | Bought a scroll of acquirement for 780 gold pieces
 22923 | Lair:5   | Reached skill level 13 in Dodging
 22967 | Lair:5   | Found a viscous altar of Jiyva.
 22967 | Lair:5   | Found a staircase to the Slime Pits.
 23632 | Lair:6   | Entered Level 6 of the Lair of Beasts
 23646 | Lair:6   | Reached skill level 10 in Evocations
 24441 | Lair:6   | Reached skill level 15 in Stealth
 24452 | Lair:6   | Reached skill level 14 in Dodging
 24590 | Lair:6   | Reached XP level 14. HP: 72/72 MP: 19/28
 24602 | Lair:6   | Reached skill level 10 in Spellcasting
 25319 | Lair:6   | Paralysed by a hornet for 2 turns
 25461 | Lair:6   | Reached skill level 15 in Dodging
 25539 | Lair:6   | Found a runed door.
 25697 | Lair:6   | Got a bound jade ring
 25698 | Lair:6   | Identified the ring "Cosoptit" {*Drain rElec rPois Str-3 Dex+5} (You found it on level 6 of the Lair of Beasts)
 26090 | Lair:6   | Bought the ring of the Good {rPois Int+4} for 637 gold pieces
 26385 | D:11     | Found a staircase to the Orcish Mines.
 27333 | Orc:1    | Entered Level 1 of the Orcish Mines
 27427 | D:12     | Reached skill level 10 in Crossbows
 27556 | Lair:1   | Learned a level 5 spell: Lightning Bolt
 28125 | Orc:2    | Entered Level 2 of the Orcish Mines
 28260 | Orc:1    | Noticed an orc warlord
 28699 | Orc:2    | Found a staircase to the Elven Halls.
 29851 | Orc:2    | Noticed an orc warlord
 29911 | Orc:2    | Killed an orc warlord
 29911 | Orc:2    | Reached skill level 5 in Conjurations
 29967 | Orc:2    | Reached XP level 15. HP: 71/77 MP: 30/30
 30400 | Orc:2    | Found Libeig's Antique Armour Shop.
 30401 | Orc:2    | Found Iby Fokk's Antique Weapon Shop.
 30402 | Orc:2    | Found Qysaxta's General Store.
 30402 | Orc:2    | Found Muduwk's Book Boutique.
 30416 | Orc:2    | Bought a smoking cloak for 256 gold pieces
 30416 | Orc:2    | Bought an opalescent robe for 153 gold pieces
 30416 | Orc:2    | Identified the cursed -2 cloak of Refuge {+Fly} (You bought it in a shop on level 2 of the Orcish Mines)
 30429 | Orc:2    | Identified the cursed +1 robe of Derut {rN++ Str+2 Int+4 Dex-3} (You bought it in a shop on level 2 of the Orcish Mines)
 31144 | Orc:1    | Killed an orc warlord
 31493 | Orc:1    | Found an iron altar of Okawaru.
 31766 | Orc:2    | Bought a book of Party Tricks for 600 gold pieces
 31766 | Orc:2    | Bought a book of Clouds for 540 gold pieces
 31774 | Orc:2    | Learned a level 1 spell: Summon Butterflies
 31778 | Orc:2    | Learned a level 3 spell: Tukima's Dance
 31780 | Orc:2    | Learned a level 1 spell: Apportation
 31784 | Orc:2    | Learned a level 3 spell: Conjure Flame
 32225 | D:12     | Reached skill level 1 in Translocations
 32317 | D:12     | Noticed Azrael
 32664 | D:12     | Killed Azrael
 32664 | D:12     | Reached skill level 1 in Fire Magic
 32873 | D:12     | Noticed Urug
 32880 | D:12     | Killed Urug
 33173 | D:12     | Noticed Kirke
 33199 | D:12     | Killed Kirke
 33559 | D:13     | Found a gate to the Vaults.
 35569 | D:15     | Entered Level 15 of the Dungeon
 35823 | D:15     | Learned a level 4 spell: Airstrike
 36057 | D:15     | Found a sacrificial altar of Ru.
 36227 | D:15     | Reached XP level 16. HP: 81/81 MP: 19/32
 36340 | D:15     | Found a staircase to the Depths.
 36875 | D:15     | Bought a scroll of summoning for 152 gold pieces
 36875 | D:15     | Bought 2 scrolls of silence for 240 gold pieces
 36991 | Lair:1   | Learned a level 6 spell: Deflect Missiles
 37082 | Swamp:1  | Entered Level 1 of the Swamp
 38232 | Swamp:1  | Noticed Roxanne
 39038 | Swamp:2  | Reached skill level 5 in Charms
 39221 | Swamp:2  | Found a sparkling altar of Nemelex Xobeh.
 39294 | Swamp:2  | Noticed a thorn hunter
 40008 | Swamp:2  | Killed a thorn hunter
 40476 | Swamp:3  | Got an ancient shortbow
 40551 | Swamp:3  | Noticed a thorn hunter
 40572 | Swamp:3  | Killed a thorn hunter
 41360 | Swamp:4  | Entered Level 4 of the Swamp
 41745 | Swamp:4  | Noticed TheWoodenMan's ghost (adept MiBe)
 42054 | Swamp:3  | Noticed a thorn hunter
 42077 | Swamp:3  | Killed a thorn hunter
 42491 | Swamp:3  | Noticed a thorn hunter
 42496 | Swamp:3  | Killed a thorn hunter
 42799 | Swamp:4  | Reached skill level 16 in Dodging
 42960 | Swamp:4  | Noticed Louise
 42998 | Swamp:4  | Killed Louise
 43569 | Swamp:4  | Reached XP level 17. HP: 87/87 MP: 32/34
 44130 | Swamp:3  | Upgraded the game from 0.19.0-24-gb05acd6 to 0.19.1
 44985 | Spider:1 | Entered Level 1 of the Spider Nest
 45434 | Spider:1 | Reached skill level 10 in Air Magic
 47677 | Spider:2 | Reached skill level 17 in Dodging
 47855 | Spider:2 | Reached skill level 10 in Fighting
 48287 | Spider:2 | Identified Reitz's Handbook of Transformation and Air
 50986 | D:10     | Bought the ring "Jimigun" {Int+4 Slay+5} for 605 gold pieces
 51031 | Lair:1   | Learned a level 6 spell: Freezing Cloud
 51261 | Spider:4 | Entered Level 4 of the Spider Nest
 52014 | Spider:4 | Reached XP level 18. HP: 49/93 MP: 26/36
 53449 | Spider:4 | Got a gossamer rune of Zot
 53748 | Vaults:1 | Entered Level 1 of the Vaults
 54155 | Vaults:1 | Reached skill level 5 in Ice Magic
 56017 | Vaults:1 | Identified the Handbook of Ghastly Cold
 57096 | Vaults:2 | Learned a level 3 spell: Regeneration
 57238 | Vaults:2 | Noticed a tentacled monstrosity
 57289 | Vaults:2 | Killed a tentacled monstrosity
 57289 | Vaults:2 | Reached XP level 19. HP: 95/98 MP: 38/38
 57302 | Vaults:2 | Reached skill level 1 in Necromancy
 58975 | Vaults:2 | Reached skill level 15 in Spellcasting
 59714 | Vaults:3 | Noticed a bone dragon
 59715 | Vaults:3 | Found a staircase to the Crypt.
 59745 | Vaults:3 | Killed a bone dragon
 60266 | Vaults:3 | Got a slimy diamond amulet
 60267 | Vaults:3 | Identified the amulet "Zitafargh" {Inacc rElec rC+++ MR++ Str-2} (You found it on level 3 of the Vaults)
 60396 | Vaults:3 | Found a shattered altar of Ashenzari.
 60589 | Vaults:3 | Noticed Donald
 60603 | Vaults:3 | Killed Donald
 61051 | Vaults:3 | Found Effan's General Store.
 61841 | Vaults:4 | Found Vairug's Jewellery Boutique.
 61849 | Vaults:4 | Bought a +5 amulet of reflection for 350 gold pieces
 62273 | Vaults:4 | Noticed Boris
 62398 | Vaults:4 | Learned a level 6 spell: Ozocubu's Refrigeration
 62554 | Vaults:4 | Reached skill level 10 in Ice Magic
 63402 | Vaults:4 | Noticed Xtahua
 63427 | Vaults:4 | Killed Xtahua
 63728 | Vaults:4 | Reached XP level 20. HP: 102/102 MP: 40/40
 64424 | Swamp:4  | Killed TheWoodenMan's ghost
 64671 | Swamp:4  | Reached skill level 15 in Crossbows
 65346 | Swamp:4  | Got a decaying rune of Zot
 65735 | Elf:1    | Entered Level 1 of the Elven Halls
 66848 | Elf:1    | Identified the Collected Works on Confrontation
 66984 | Elf:2    | Found a magical portal.
 66993 | WizLab   | Entered Wucad Mu's Monastery
 67754 | Elf:2    | Noticed Agnes
 67791 | Elf:2    | Killed Agnes
 68428 | Elf:2    | Found a runed gate.
 68429 | Elf:2    | Found a runed gate.
 68432 | Elf:2    | Found a runed gate.
 68807 | Elf:3    | Entered Level 3 of the Elven Halls
 69266 | Elf:3    | Reached skill level 18 in Dodging
 70414 | Elf:3    | Got a translucent glass ring
 70423 | Elf:3    | Identified the ring of Catheamm {Ice +Fly rN++ Str-3} (You took it off a deep elf elementalist on level 3 of the Elven Halls)
 71156 | Elf:3    | Got a twisted scimitar {drain}
 71164 | Elf:3    | Got a scorched mace {crush}
 71319 | Elf:3    | Identified the Almanac of Mutagenic Ignition
 71368 | Elf:3    | Identified the Papyrus of the Scribe
 71369 | Elf:3    | Identified Wubycweu's Guide on Flamy Enchantment
 71863 | Lair:1   | Learned a level 3 spell: Portal Projectile
 72018 | Depths:1 | Entered Level 1 of the Depths
 72131 | Depths:1 | Reached skill level 1 in Armour
 72189 | Depths:1 | Found a gateway to Hell.
 72361 | Depths:1 | Found a one-way gate to the infinite horrors of the Abyss.
 72559 | Depths:1 | Reached XP level 21. HP: 109/109 MP: 38/41
 72964 | Depths:1 | Found a glowing golden altar of the Shining One.
 74149 | Depths:2 | Found a gateway to Hell.
 74719 | Depths:2 | Reached skill level 19 in Dodging
 74938 | Depths:2 | Found a gateway to a ziggurat.
 75242 | Depths:2 | Got a sapphire dagger
 75243 | Depths:2 | Identified the +2 dagger of the Wasteland {freeze, +Inv Str+2} (You found it on level 2 of the Depths)
 75385 | Depths:2 | Got a smoking cloak
 75396 | Depths:2 | Identified the +0 cloak of Entitlement {rElec} (You acquired it on level 2 of the Depths)
 75900 | Depths:2 | Upgraded the game from 0.19.1 to 0.19.4
 75950 | Depths:2 | Reached skill level 5 in Armour
 76130 | Depths:2 | Got a crude marble ring
 76131 | Depths:2 | Identified the cursed ring "Haesyomo" {Str+3 Int-5 Dex+3} (You took it off a spriggan air mage on level 2 of the Depths)
 78161 | Depths:3 | Found a corrupted altar of Lugonu.
 78227 | Depths:3 | Reached XP level 22. HP: 65/115 MP: 21/42
 78790 | Depths:3 | Found a one-way gate leading to the halls of Pandemonium.
 79954 | Depths:4 | Reached skill level 20 in Dodging
 80889 | Depths:4 | Noticed Saint Roka
 81087 | Depths:4 | Killed Saint Roka
 82237 | Depths:4 | Reached skill level 15 in Evocations
 82502 | Depths:5 | Entered Level 5 of the Depths
 82502 | Depths:5 | Noticed Frederick
 82542 | Depths:5 | Noticed a juggernaut
 83526 | Depths:4 | Reached skill level 10 in Armour
 83617 | Depths:4 | Noticed a golden dragon
 83872 | Lair:1   | Learned a level 5 spell: Silence
 83875 | Lair:1   | Bought a sack of spiders for 260 gold pieces
 83875 | Lair:1   | Bought a phantom mirror for 390 gold pieces
 83875 | Lair:1   | Bought a sack of spiders for 260 gold pieces
 83876 | Lair:1   | Bought a potion of cancellation for 96 gold pieces
 83876 | Lair:1   | Bought 2 potions of resistance for 240 gold pieces
 83876 | Lair:1   | Bought a potion of cancellation for 96 gold pieces
 83876 | Lair:1   | Bought a potion of agility for 48 gold pieces
 83879 | Lair:1   | Bought a box of beasts for 360 gold pieces
 83879 | Lair:1   | Bought a sack of spiders for 360 gold pieces
 83879 | Lair:1   | Bought an embroidered robe for 120 gold pieces
 83879 | Lair:1   | Bought a scratched moonstone ring for 90 gold pieces
 83879 | Lair:1   | Bought a scroll of amnesia for 63 gold pieces
 83879 | Lair:1   | Bought a potion of heal wounds for 90 gold pieces
 84022 | Orc:2    | Bought the +3 crown of Dyrovepreva {rElec Int+2 SInv} for 1117 gold pieces
 84268 | Crypt:1  | Entered Level 1 of the Crypt
 84269 | Crypt:1  | Upgraded the game from 0.19.4 to 0.19.4-8-ga85b6b9
 86579 | Crypt:2  | Reached XP level 23. HP: 117/119 MP: 39/43
 87200 | Crypt:2  | Found an ancient bone altar of Kikubaaqudgha.
 87630 | Crypt:3  | Entered Level 3 of the Crypt
 87737 | Crypt:3  | Found a staircase to the Tomb.
 90383 | Crypt:2  | Got a bloodstained robe
 90385 | Crypt:2  | Identified the cursed +0 robe of Precision Catastrophes {rC+} (You took it off a deep elf death mage on level 2 of the Crypt)
 91687 | Crypt:3  | Got a smoking robe
 91688 | Crypt:3  | Identified the +1 robe of the Moon {Regen+ Int+3 Dex+2} (You found it on level 3 of the Crypt)
 92631 | Crypt:3  | Found a basalt altar of Yredelemnul.
 94524 | Crypt:3  | Identified a +2 rod of clouds (9/9) (You took it off a wight on level 3 of the Crypt)
 94527 | Crypt:3  | Got a spiked cloak
 94528 | Crypt:3  | Identified the +1 cloak "Pirrul" {rC+} (You found it on level 3 of the Crypt)
 94543 | Crypt:3  | Identified Sif Muna's Handbook of Beguiling
 95596 | Depths:1 | Voluntarily entered the Abyss.
 95597 | Abyss:1  | Found a corrupted altar of Lugonu.
 96181 | Abyss:4  | Reached skill level 21 in Dodging
 96392 | Abyss:4  | Found a shadowy altar of Dithmenos.
 96817 | Abyss:4  | Found a hazy altar of Hepliaklqana.
 97171 | Depths:1 | Escaped the Abyss
 97186 | Depths:1 | Gained mutation: You do not regenerate. [a cacodemon]
 97283 | Depths:1 | Voluntarily entered the Abyss.
 97288 | Abyss:1  | Found a corrupted altar of Lugonu.
 97370 | Abyss:1  | Lost mutation: You regenerate slowly when monsters are visible. [potion of cure mutation]
 97431 | Abyss:2  | Noticed an ancient lich
 97599 | Abyss:2  | Gained mutation: Your flesh is heat resistant. (rF+) [potion of beneficial mutation]
 98051 | Abyss:2  | Found a viscous altar of Jiyva.
 98107 | Abyss:2  | Reached XP level 24. HP: 111/126 MP: 43/43
 98327 | Abyss:2  | Found a corrupted altar of Lugonu.
 98519 | Abyss:2  | Found a corrupted altar of Lugonu.
 98763 | Abyss:3  | Found a corrupted altar of Lugonu.
 99080 | Abyss:3  | Found a shadowy altar of Dithmenos.
100744 | Abyss:3  | Found a corrupted altar of Lugonu.
100746 | Abyss:3  | Got an abyssal rune of Zot
100860 | Depths:1 | Escaped the Abyss
101382 | Depths:5 | Noticed Sojobo
101904 | Depths:4 | Reached skill level 22 in Dodging
102834 | Depths:5 | Killed Frederick
102873 | Depths:5 | Found a gate to the Realm of Zot.
102941 | Depths:5 | Killed a juggernaut
103236 | Depths:5 | Identified Annar's Advanced Casting
103909 | Depths:5 | Reached XP level 25. HP: 45/132 MP: 30/43
104290 | Zot:1    | Entered Level 1 of the Realm of Zot
104306 | Zot:1    | Noticed an orb of fire
105015 | Zot:2    | Reached skill level 23 in Dodging
105582 | Zot:5    | Entered Level 5 of the Realm of Zot
106497 | Zot:5    | Noticed an ancient lich
106561 | Zot:5    | Killed an ancient lich
107209 | Zot:5    | Slain by a death cob

Skill      XL: |  1  2  3  4  5  6  7  8  9 10 11 12 13 14 15 16 17 18 19 20 21 22 23 24 25 |
---------------+----------------------------------------------------------------------------+-----
Spellcasting   | 3 4 5 7 8 9 10 11 12 13 14 15 | 15.0
Conjurations   | 1 2 3 5 7 8 9 |  9.0
Air Magic      | 3 4 5 6 9 10 11 | 11.0
Charms         | 1 2 4 7 9 |  9.0
Fighting       | 1 2 3 4 5 6 7 8 9 10 11 12 14 | 14.6
Dodging        | 4 6 8 10 11 12 14 15 16 17 18 19 20 21 22 23 | 23.6
Summonings     | 2 3 |  3.0
Stealth        | 4 7 10 12 13 15 16 17 18 20 | 20.0
Hexes          | 4 5 6 |  6.0
Evocations     | 4 5 6 8 10 12 13 15 | 15.0
Short Blades   | 4 8 |  8.0
Crossbows      | 4 6 8 10 11 13 14 15 16 18 20 22 | 22.9
Ice Magic      | 2 7 10 | 10.0
Poison Magic   | 2 3 |  3.0
Translocations | 2 3 |  3.0
Fire Magic     | 1 |  1.0
Necromancy     | 1 |  1.0
Armour         | 1 6 10 | 10.2

Action                   |  1- 3 |  4- 6 |  7- 9 | 10-12 | 13-15 | 16-18 | 19-21 | 22-24 | 25-27 || total
-------------------------+-------+-------+-------+-------+-------+-------+-------+-------+-------++-------
Melee: Unarmed           |     3 |       |       |       |       |       |       |       |       ||     3
       Dagger            |     2 |       |       |     5 |       |       |       |       |       ||     7
       Club              |       |     8 |    59 |    28 |       |       |       |       |       ||    95
       Quick blade       |       |       |       |   413 |  1534 |  2674 |  1713 |  2028 |   295 ||  8657
 Fire: Triple crossbow   |       |       |       |    43 |     9 |    72 |   431 |  1386 |   226 ||  2167
 Cast: Shock             |    67 |   200 |   397 |   348 |     8 |     1 |       |       |       ||  1021
       Repel Missiles    |     1 |       |       |       |     2 |       |       |       |       ||     3
       Static Discharge  |       |     1 |    11 |    11 |       |       |       |       |       ||    23
       Call Imp          |       |       |     6 |       |       |       |       |       |       ||     6
       Confuse           |       |       |    11 |   115 |   174 |   220 |    50 |       |       ||   570
       Call Canine Famil |       |       |     2 |       |     2 |       |       |       |       ||     4
       Mephitic Cloud    |       |       |       |     9 |   166 |   121 |    33 |     1 |       ||   330
       Ozocubu's Armour  |       |       |       |     2 |     3 |    11 |    17 |    45 |     7 ||    85
       Lightning Bolt    |       |       |       |       |    16 |    27 |     6 |       |       ||    49
       Tukima's Dance    |       |       |       |       |     7 |       |       |       |       ||     7
       Conjure Flame     |       |       |       |       |     4 |     1 |       |       |       ||     5
       Airstrike         |       |       |       |       |       |    58 |     9 |    14 |       ||    81
       Deflect Missiles  |       |       |       |       |       |     2 |     2 |     3 |     3 ||    10
       Freezing Cloud    |       |       |       |       |       |     4 |    77 |    95 |    14 ||   190
       Regeneration      |       |       |       |       |       |       |    21 |   104 |    20 ||   145
       Ozocubu's Refrige |       |       |       |       |       |       |     4 |    29 |       ||    33
       Portal Projectile |       |       |       |       |       |       |     1 |     8 |     1 ||    10
       Summon Butterflie |       |       |       |       |       |       |     1 |     6 |     1 ||     8
       Apportation       |       |       |       |       |       |       |       |     2 |       ||     2
       Silence           |       |       |       |       |       |       |       |       |     1 ||     1
Invok: Call Merchant     |       |       |       |     2 |     1 |     3 |     1 |     1 |       ||     8
       Bribe Branch      |       |       |       |       |       |       |     1 |       |       ||     1
       Potion Petition   |       |       |       |       |       |       |       |     2 |       ||     2
 Abil: Evoke Flight      |       |       |       |       |       |       |       |     3 |       ||     3
Evoke: Wand              |       |       |       |    19 |     3 |     2 |       |       |       ||    24
       Phantom mirror    |       |       |       |       |       |     1 |       |       |       ||     1
       Sack of spiders   |       |       |       |       |       |       |       |     4 |       ||     4
       Box of beasts     |       |       |       |       |       |       |       |     1 |     2 ||     3
  Use: Scroll            |     5 |     1 |    15 |    15 |    12 |     6 |    15 |    24 |     6 ||    99
       Potion            |       |       |       |     3 |     3 |       |     2 |     9 |       ||    17
 Stab: Sleeping          |       |     2 |     2 |    27 |    46 |    42 |    36 |     2 |       ||   157
       Confused          |       |       |     4 |    69 |   246 |   242 |    62 |       |       ||   623
       Distracted        |       |       |       |     1 |     8 |    17 |    20 |    16 |       ||    62
       Invisible         |       |       |       |       |     1 |       |       |       |       ||     1
  Eat: Bread ration      |       |     1 |       |       |     4 |     2 |     3 |     7 |     1 ||    18
       Pizza             |       |       |     1 |     1 |       |       |     1 |     2 |       ||     5
       Fruit             |       |       |       |     3 |       |       |     8 |       |       ||    11
       Royal jelly       |       |       |       |     4 |       |     6 |     2 |       |       ||    12
Armor: Robe              |     4 |     5 |    17 |    22 |    33 |    90 |    63 |   152 |    27 ||   413
Dodge: Dodged            |    17 |    54 |   176 |   244 |   407 |  1471 |   809 |  1775 |   298 ||  5251
       Deflected         |       |     2 |     5 |     6 |     4 |    23 |    41 |    41 |    13 ||   135
Block: Other             |       |       |       |       |       |       |   126 |   272 |    43 ||   441
       Reflection        |       |       |       |       |       |       |    12 |     8 |     1 ||    21
